 Dungeon Crawl Stone Soup version 0.17.1-3-g152610e (console) character file.

31 Sehdowjr the Magician (level 3, 0/19 HPs)
             Began as a Deep Elf Wizard on Mar 23, 2016.
             Slain by a sky beast (4 damage)
             ... on level 1 of the Dungeon.
             The game lasted 00:07:55 (1280 turns).

Sehdowjr the Magician (Deep Elf Wizard)             Turns: 1280, Time: 00:07:56

Health: 0/19       AC:  2    Str:  4    XL:     3   Next: 7%
Magic:  10/12      EV: 12    Int: 23    God:
Gold:   64         SH:  0    Dex: 13    Spells: 3 memorised, 8 levels left

rFire  . . .     SeeInvis .     (no weapon)
rCold  . . .     Clarity  .     a - +0 robe
rNeg   . . .     SustAt   .     (no shield)
rPois  .         Gourm    .     b - +0 hat
rElec  .         Spirit   .     (no cloak)
rCorr  .         Warding  .     (no gloves)
rMut   .         Stasis   .     (no boots)
MR     .....                    (no amulet)
Stlth  ++........               (no ring)
                                (no ring)

@: not resistant to hostile enchantments, unstealthy
A: no striking features
a: no special abilities


You were on level 1 of the Dungeon.
You were hungry.

You visited 1 branch of the dungeon, and saw 1 of its levels.

You collected 64 gold pieces.

Inventory:

Armour
 a - a +0 robe (worn)
 b - a +0 hat (worn)
Scrolls
 e - a scroll of fog {unknown}
 g - a scroll of enchant weapon {unknown}
 i - a scroll of amnesia {unknown}
Potions
 h - a potion of agility {unknown}
 j - a potion of magic {unknown}
Books
 c - a book of Minor Magic

   Spells                             Type                      Level
   a - Magic Dart                     Conjuration                  1
   b - Blink                          Translocation                2
   c - Call Imp                       Summoning                    2
   d - Repel Missiles                 Charms/Air                   2
   e - Slow                           Hexes                        2
   f - Conjure Flame                  Conjuration/Fire             3
   g - Mephitic Cloud                 Conjuration/Poison/Air       3
Comestibles
 d - a bread ration
 f - a meat ration


   Skills:
 + Level 0.1 Fighting
 - Level 2.4 Dodging
 - Level 2.4 Stealth
 + Level 5.7 Spellcasting
 + Level 1.4 Conjurations
   Level 1.1 Summonings
 + Level 1.1 Translocations


You had 8 spell levels left.
You knew the following spells:

 Your Spells              Type           Power        Failure   Level  Hunger
a - Magic Dart            Conj           ##..         6%          1    None
b - Blink                 Tloc           N/A          10%         2    None
m - Repel Missiles        Chrm/Air       #.....       17%         2    None


Dungeon Overview and Level Annotations

Branches:
Dungeon (1/15)

Altars:


Message History

You can't see any susceptible monsters within range! (Use Z to cast anyway.) Unknown command.
There is a strange disturbance nearby!
Casting: Magic Dart
Confirm with . or Enter, or press ? or * to list all spells.
You can't see any susceptible monsters within range! (Use Z to cast anyway.) Unknown command.
There is a strange disturbance nearby!
There is a strange disturbance nearby!
Something hits you. Something shocks you.
* * * LOW HITPOINT WARNING * * *
You miss something.
A sky beast appears from thin air!
Reactivating autopickup.
The sky beast misses you.
You completely miss the sky beast.
The sky beast is lightly wounded.
The sky beast flickers out of sight!
Deactivating autopickup; reactivate with Ctrl-A.
Something hits you.
You die...

##### #.#.#.####### ##...##
#.#.#.# ##.....## #.#.#.#
###.......##########.#.#.#
#........................#
#.#.......#####.######.######
#.##.....#####...##.........#
#.###...#.........#.##.####.#
# #.# ######...#{@..#.##.#
#.# # #.#
#♣.♣##.#.#.##.####.#### #.#
♣.♣ #.#............... #.#
♣.♣ #.###.####.#...### #.#
♣.♣ ..# #.# #.#...# # #.# ♣.♣
### #.# #.#...### #.# ♣.♣ #.#
##.#...##. #.#####
♣.♣######.###......##.
#.....#
♣<♣#...............##.


There were no monsters in sight!

Vanquished Creatures
  An ooze (D:1)
  A worm (D:1)
  2 ball pythons (D:1)
  5 bats (D:1)
  A giant cockroach (D:1)
  2 jackals (D:1)
  2 giant newts (D:1)
  2 goblins (D:1)
  2 kobolds (D:1)
  5 rats (D:1)
23 creatures vanquished.

Notes
Turn   | Place    | Note
--------------------------------------------------------------
     0 | D:1      | Sehdowjr the Deep Elf Wizard began the quest for the Orb.
     0 | D:1      | Reached XP level 1. HP: 10/10 MP: 7/7
   295 | D:1      | Reached skill level 5 in Spellcasting
   299 | D:1      | Reached XP level 2. HP: 15/15 MP: 3/10
   914 | D:1      | Learned a level 2 spell: Blink
   953 | D:1      | Learned a level 2 spell: Repel Missiles
  1041 | D:1      | Reached XP level 3. HP: 19/19 MP: 9/12
  1264 | D:1      | Noticed a sky beast
  1280 | D:1      | Slain by a sky beast

Action                   || total
-------------------------++-------
Melee: Unarmed           ||     2
 Cast: Magic Dart        ||    91
